NCAA
MISSISSIPPI STATE BULLDOGS @ OREGON DUCKS
04/28/2028
 
TOP OF THE 1ST
Mississippi State Bulldogs batting - Pitching for Oregon Ducks : RHP Steve Holden
Pitching: RHP Steve Holden
Batting: RHB Hunter Hudson 0-0: Ball
1-0: Foul Ball, location: 2F
1-1: Swinging Strike
1-2: Ball
2-2: Strikes out swinging
Batting: RHB Dan Cross 0-0: Ball
1-0: Ground out 4-3 (Groundball, 4MS)
Batting: LHB Trey Fitzpatrick 0-0: Foul Ball, location: 2F
0-1: Swinging Strike
0-2: Foul Ball, location: 2F
0-2: Ball
1-2: Strikes out looking
Top of the 1st over - 0 run(s), 0 hit(s), 0 error(s), 0 left on base; Mississippi State 0 - Oregon 0
BOTTOM OF THE 1ST
Oregon Ducks batting - Pitching for Mississippi State Bulldogs : RHP Toby Arnasson
Pitching: RHP Toby Arnasson
Batting: LHB Peter Rodgers 0-0: Called Strike
0-1: Swinging Strike
0-2: Strikes out swinging
Batting: RHB Sean Smith 0-0: Ball
1-0: Ball
2-0: Ball
3-0: Base on Balls
Batting: RHB Ben Donnelly 0-0: Ball
1-0: Ball
2-0: Foul Ball, location: 2F
2-1: Ball
3-1: Foul Ball, location: 2F
3-2: Base on Balls
Sean Smith to second
Batting: RHB Raúl González 0-0: Ball
1-0: SINGLE (Line Drive, 6M)
Sean Smith to third
Ben Donnelly to second
Runner from 3rd tries for Home, SAFE, throw made home
Ben Donnelly to third
Raúl González to second
Batting: RHB Michael Heller 0-0: Called Strike
0-1: Ball
1-1: Ball
2-1: Ball
3-1: Fly out, F9 (Flyball, 9S)
Batting: LHB Jerry López 0-0: Ball
1-0: Foul Ball, location: 2F
1-1: Ground out 6-3 (Groundball, 6D)
Bottom of the 1st over - 1 run(s), 1 hit(s), 0 error(s), 2 left on base; Mississippi State 0 - Oregon 1
TOP OF THE 2ND
Mississippi State Bulldogs batting - Pitching for Oregon Ducks : RHP Steve Holden
Batting: RHB Phil Rowlett 0-0: Ball
1-0: Ball
2-0: Ball
3-0: Called Strike
3-1: Base on Balls
Batting: SHB Jessie Teague 0-0: Ball
1-0: Grounds into double play, 4-6-3 (Groundball, 34)
Batting: LHB Juan Rangel 0-0: Ground out 4-3 (Groundball, 4S)
Top of the 2nd over - 0 run(s), 0 hit(s), 0 error(s), 0 left on base; Mississippi State 0 - Oregon 1
BOTTOM OF THE 2ND
Oregon Ducks batting - Pitching for Mississippi State Bulldogs : RHP Toby Arnasson
Batting: RHB José Vega 0-0: Called Strike
0-1: Ball
1-1: Ball
2-1: Swinging Strike
2-2: Strikes out swinging
Batting: RHB Tim Smith 0-0: Called Strike
0-1: Ball
1-1: SOLO HOME RUN (Line Drive, 9LD), Distance : 324 ft
Batting: RHB Sergio López 0-0: Ball
1-0: Ground out 6-3 (Groundball, 6)
Batting: LHB Peter Rodgers 0-0: Ball
1-0: Ball
2-0: SOLO HOME RUN (Flyball, 8LXD), Distance : 391 ft
Batting: RHB Sean Smith 0-0: SINGLE (Line Drive, 5D)
Batting: RHB Ben Donnelly 0-0: SINGLE (Line Drive, 78M)
Sean Smith to second
Batting: RHB Raúl González 0-0: Ball
1-0: Ball
2-0: Foul Ball, location: 2F
2-1: Swinging Strike
2-2: Ball
3-2: SINGLE (Groundball, 6MD)
Sean Smith to third
Ben Donnelly to second
Sean Smith scores
Ben Donnelly to third
Batting: RHB Michael Heller 0-0: Called Strike
0-1: Fly out, F7 (Flyball, 7)
Bottom of the 2nd over - 3 run(s), 5 hit(s), 0 error(s), 2 left on base; Mississippi State 0 - Oregon 4
TOP OF THE 3RD
Mississippi State Bulldogs batting - Pitching for Oregon Ducks : RHP Steve Holden
Batting: SHB Tom Stewart 0-0: Ball
1-0: Foul Ball, location: 2F
1-1: Ball
2-1: Ball
3-1: SOLO HOME RUN (Flyball, 7D), Distance : 367 ft
Batting: RHB Héctor Garza 0-0: Foul Ball, location: 2F
0-1: Called Strike
0-2: Foul Ball, location: 2F
0-2: Strikes out looking
Batting: RHB Abel Moore 0-0: Called Strike
0-1: Ball
1-1: Foul Ball, location: 2F
1-2: Ball
2-2: Ball
3-2: Ground out 5-3 (Groundball, 56)
Batting: RHB Hunter Hudson 0-0: TRIPLE (Flyball, 8LD)
Batting: RHB Dan Cross 0-0: Ball
1-0: Fly out, F4 (Popup, 4S)
Top of the 3rd over - 1 run(s), 2 hit(s), 0 error(s), 1 left on base; Mississippi State 1 - Oregon 4
BOTTOM OF THE 3RD
Oregon Ducks batting - Pitching for Mississippi State Bulldogs : RHP Toby Arnasson
Batting: LHB Jerry López 0-0: SINGLE (Groundball, 56S) (infield hit)
Batting: RHB José Vega 0-0: Ball
1-0: Grounds into double play, 5-4-3 (Groundball, 56)
Batting: RHB Tim Smith 0-0: Called Strike
0-1: Ball
1-1: Ball
2-1: Reached on error, E5 (Groundball, 5L)
Batting: RHB Sergio López 0-0: Called Strike
0-1: Swinging Strike
0-2: Strikes out looking
Bottom of the 3rd over - 0 run(s), 1 hit(s), 1 error(s), 1 left on base; Mississippi State 1 - Oregon 4
TOP OF THE 4TH
Mississippi State Bulldogs batting - Pitching for Oregon Ducks : RHP Steve Holden
Batting: LHB Trey Fitzpatrick 0-0: Called Strike
0-1: Ball
1-1: Foul Ball, location: 2F
1-2: Fly out, F9 (Flyball, 89M)
Batting: RHB Phil Rowlett 0-0: Fly out, F8 (Flyball, 89D)
Batting: SHB Jessie Teague 0-0: Fly out, F6 (Flyball, 6D)
Top of the 4th over - 0 run(s), 0 hit(s), 0 error(s), 0 left on base; Mississippi State 1 - Oregon 4
BOTTOM OF THE 4TH
Oregon Ducks batting - Pitching for Mississippi State Bulldogs : RHP Toby Arnasson
Batting: LHB Peter Rodgers 0-0: Ball
1-0: Ball
2-0: Ball
3-0: Base on Balls
Batting: RHB Sean Smith 0-0: Called Strike
Peter Rodgers steals 2nd base
0-1: Ball
1-1: Ball
2-1: Foul Ball, location: 2F
2-2: Foul Ball, location: 2F
2-2: SINGLE (Groundball, 6MD)
Peter Rodgers to third
Runner from 3rd tries for Home, SAFE, no throw
Batting: RHB Ben Donnelly 0-0: Called Strike
0-1: Foul Ball, location: 2F
0-2: Ball
1-2: Ball
2-2: Ball
3-2: Foul Ball, location: 2F
3-2: Strikes out swinging
Batting: RHB Raúl González 0-0: Ball
1-0: Ball
2-0: Called Strike
2-1: Ball
3-1: Fielders Choice at 2nd, 6-4 (Groundball, 6)
Batting: RHB Michael Heller 0-0: Called Strike
Raúl González steals 2nd base
0-1: Called Strike
0-2: Ball
1-2: Foul Ball, location: 2F
1-2: Ball
2-2: Ball
3-2: DOUBLE (Flyball, 8RM)
Raúl González scores
Pitching: RHP Duncan McBride
Batting: LHB Jerry López 0-0: Fly out, F8 (Flyball, 8LM)
Bottom of the 4th over - 2 run(s), 2 hit(s), 0 error(s), 1 left on base; Mississippi State 1 - Oregon 6
TOP OF THE 5TH
Mississippi State Bulldogs batting - Pitching for Oregon Ducks : RHP Steve Holden
Batting: LHB Juan Rangel 0-0: Ball
1-0: Ground out 4-3 (Groundball, 4)
Batting: SHB Tom Stewart 0-0: Ball
1-0: Ball
2-0: Foul Ball, location: 2F
2-1: Fly out, F5 (Popup, 56)
Batting: RHB Héctor Garza 0-0: Called Strike
0-1: Swinging Strike
0-2: Ball
1-2: Strikes out looking
Top of the 5th over - 0 run(s), 0 hit(s), 0 error(s), 0 left on base; Mississippi State 1 - Oregon 6
BOTTOM OF THE 5TH
Oregon Ducks batting - Pitching for Mississippi State Bulldogs : RHP Duncan McBride
Batting: RHB José Vega 0-0: Called Strike
0-1: Called Strike
0-2: Foul Ball, location: 2F
0-2: Ball
1-2: Ball
2-2: Ball
3-2: Base on Balls
Batting: RHB Tim Smith 0-0: Ball
1-0: Called Strike
1-1: Ball
2-1: Fly out, F9 (Flyball, 9)
Batting: RHB Sergio López 0-0: Ball
1-0: Foul Ball, location: 2F
1-1: Ball
2-1: SINGLE (Flyball, 9LS)
José Vega to second
Runner from 2nd tries for 3rd, SAFE, no throw
Batting: LHB Peter Rodgers 0-0: Ball
1-0: Ball
2-0: Called Strike
2-1: Called Strike
2-2: Ground out U3 (Groundball, 34S)
José Vega scores
Sergio López to second
Batting: RHB Sean Smith 0-0: Ball
1-0: Ball
Wild Pitch!
Sergio López to third
2-0: Called Strike
2-1: Ball
3-1: Base on Balls
Batting: RHB Ben Donnelly 0-0: Called Strike
0-1: Called Strike
0-2: Strikes out swinging
Bottom of the 5th over - 1 run(s), 1 hit(s), 0 error(s), 2 left on base; Mississippi State 1 - Oregon 7
TOP OF THE 6TH
Mississippi State Bulldogs batting - Pitching for Oregon Ducks : RHP Steve Holden
Batting: RHB Abel Moore 0-0: Ball
1-0: Foul Ball, location: 2F
1-1: Ball
2-1: Ball
3-1: Foul Ball, location: 2F
3-2: Base on Balls
Batting: RHB Hunter Hudson 0-0: 2-RUN HOME RUN (Flyball, 7D), Distance : 342 ft
Batting: RHB Dan Cross 0-0: Foul Ball, location: 2F
0-1: Ball
1-1: Ball
2-1: Foul Ball, location: 2F
2-2: Ball
3-2: Foul Ball, location: 2F
3-2: Foul Ball, location: 2F
3-2: Single, Error in OF, E9, batter to second base
Batting: LHB Trey Fitzpatrick 0-0: Swinging Strike
0-1: Ball
1-1: Ground out 4-3 (Groundball, 4M)
Dan Cross to third
Batting: RHB Phil Rowlett 0-0: Ball
1-0: Swinging Strike
1-1: SINGLE (Line Drive, 3L)
Dan Cross scores
Batting: SHB Jessie Teague 0-0: Called Strike
0-1: Ground out 4-3 (Groundball, 4S)
Phil Rowlett to second
Batting: LHB Juan Rangel 0-0: Ball
1-0: Ball
2-0: Ground out U3 (Groundball, 34)
Top of the 6th over - 3 run(s), 3 hit(s), 1 error(s), 1 left on base; Mississippi State 4 - Oregon 7
BOTTOM OF THE 6TH
Oregon Ducks batting - Pitching for Mississippi State Bulldogs : RHP Duncan McBride
Batting: RHB Raúl González 0-0: Foul Ball, location: 2F
0-1: Fly out, F8 (Flyball, 8LD)
Batting: RHB Michael Heller 0-0: Ground out 4-3 (Groundball, 4)
Batting: LHB Jerry López 0-0: Fly out, F7 (Flyball, 7S)
Bottom of the 6th over - 0 run(s), 0 hit(s), 0 error(s), 0 left on base; Mississippi State 4 - Oregon 7
TOP OF THE 7TH
Mississippi State Bulldogs batting - Pitching for Oregon Ducks : RHP Steve Holden
Pitching: RHP Brian Goodwin
Batting: SHB Tom Stewart 0-0: Called Strike
0-1: Ball
1-1: Ball
2-1: Called Strike
2-2: Foul Ball, location: 2F
2-2: Foul Ball, location: 2F
2-2: Ball
3-2: Base on Balls
Batting: RHB Héctor Garza 0-0: Called Strike
0-1: Ball
1-1: Fly out, F8 (Flyball, 78M)
Batting: RHB Abel Moore 0-0: Hit by Pitch
Tom Stewart to second
Batting: RHB Hunter Hudson 0-0: Called Strike
0-1: Ball
1-1: Ball
2-1: Ball
3-1: Called Strike
3-2: Foul Ball, location: 2F
3-2: Foul Ball, location: 2F
3-2: Base on Balls
Tom Stewart to third
Abel Moore to second
Batting: RHB Dan Cross 0-0: Called Strike
0-1: SINGLE (Line Drive, 56D)
Tom Stewart scores
Abel Moore to third
Hunter Hudson to second
Runner from 3rd tries for Home, SAFE, throw made home
Pitching: RHP Wally O'Dowling
Batting: LHB Trey Fitzpatrick 0-0: Ball
1-0: Called Strike
1-1: Called Strike
1-2: Strikes out swinging
Batting: RHB Phil Rowlett 0-0: Ground out 6-3 (Groundball, 6S)
Top of the 7th over - 2 run(s), 1 hit(s), 0 error(s), 2 left on base; Mississippi State 6 - Oregon 7
BOTTOM OF THE 7TH
Oregon Ducks batting - Pitching for Mississippi State Bulldogs : RHP Duncan McBride
Batting: RHB José Vega 0-0: Ball
1-0: Ball
2-0: Ground out 4-3 (Groundball, 4)
Batting: RHB Tim Smith 0-0: Ball
1-0: Called Strike
1-1: Ball
2-1: Ball
3-1: Ground out 3-1 (Groundball, 34S)
Batting: RHB Sergio López 0-0: Ball
1-0: Swinging Strike
1-1: Called Strike
1-2: Foul Ball, location: 2F
1-2: Strikes out swinging
Bottom of the 7th over - 0 run(s), 0 hit(s), 0 error(s), 0 left on base; Mississippi State 6 - Oregon 7
TOP OF THE 8TH
Mississippi State Bulldogs batting - Pitching for Oregon Ducks : RHP Wally O'Dowling
Pitching: LHP Curt James
Batting: SHB Jessie Teague 0-0: Called Strike
0-1: Ball
1-1: Ground out 1-3 (Groundball, 13S)
Batting: LHB Juan Rangel 0-0: Ground out 4-3 (Groundball, 34)
Pitching: RHP Dave Bryant
Batting: SHB Tom Stewart 0-0: Called Strike
0-1: Called Strike
0-2: Fly out, F6 (Line Drive, 56)
Top of the 8th over - 0 run(s), 0 hit(s), 0 error(s), 0 left on base; Mississippi State 6 - Oregon 7
BOTTOM OF THE 8TH
Oregon Ducks batting - Pitching for Mississippi State Bulldogs : RHP Duncan McBride
Batting: LHB Peter Rodgers 0-0: Called Strike
0-1: Foul Ball, location: 2F
0-2: TRIPLE (Flyball, 78D)
Batting: RHB Sean Smith 0-0: Intentional Walk
Batting: RHB Ben Donnelly 0-0: Fly out, F4 (Line Drive, 4)
Batting: RHB Raúl González 0-0: Called Strike
0-1: Called Strike
0-2: Ball
Wild Pitch!
Peter Rodgers scores
Sean Smith to second
1-2: Ground out 1-3 (Groundball, 15)
Pitching: RHP Harry Cuevas
Batting: RHB Michael Heller 0-0: Called Strike
0-1: Called Strike
0-2: Ball
1-2: Ball
2-2: Ball
3-2: Base on Balls
Batting: LHB Jerry López 0-0: Ground out 3-1 (Groundball, 34)
Bottom of the 8th over - 1 run(s), 1 hit(s), 0 error(s), 2 left on base; Mississippi State 6 - Oregon 8
TOP OF THE 9TH
Mississippi State Bulldogs batting - Pitching for Oregon Ducks : RHP Dave Bryant
Pitching: LHP Phil Sims
Batting: RHB Héctor Garza 0-0: Ground out 5-3 (Groundball, 56)
Batting: RHB Abel Moore 0-0: Foul Ball, location: 2F
0-1: Ground out 5-3 (Groundball, 5L)
Batting: RHB Hunter Hudson 0-0: Ground out 6-3 (Groundball, 6)
Top of the 9th over - 0 run(s), 0 hit(s), 0 error(s), 0 left on base; Mississippi State 6 - Oregon 8
Tuesday, August 8th, 2017 - OOTP Baseball 17.12 Build 75